 Dungeon Crawl Stone Soup version 0.25.0-11-g1f837a76a1 (webtiles) character file.

Game seed: 15831327285465095216

42 Descartes the Scratcher (level 3, -1/15 HPs)
             Began as a Felid Transmuter on June 27, 2020.
             Slain by a gnoll
             ... wielding a +0 whip
              (5 damage)
             ... on level 3 of the Dungeon.
             The game lasted 00:03:20 (2108 turns).

Descartes the Scratcher (Felid Transmuter)          Turns: 2108, Time: 00:03:20

Health: -1/15      AC:  1    Str:  7    XL:     3   Next: 33%
Magic:  7/7        EV: 18    Int: 14    God:
Gold:   166        SH:  5    Dex: 16    Spells: 3/6 levels left
                                        Lives:  0   Deaths: 1

rFire    . . .     SeeInvis +     - Unarmed
rCold    . . .     Gourm    .   (shield unavailable)
rNeg     . . .     Faith    .   (armour unavailable)
rPois    .         Spirit   .   (helmet unavailable)
rElec    .         Reflect  +   (cloak unavailable)
rCorr    .         Harm     .   (gloves unavailable)
MR       .....                  (boots unavailable)
Stlth    +++.......             b - amulet of reflection
HPRegen  0.05/turn              (no ring)
MPRegen  0.10/turn              (no ring)

@: quick
A: very small, no armour, no weapons or thrown items, stealth, claws 1, fangs 3,
see invisible, carnivore, speed 1, shaggy fur 1, slow metabolism 1, sharp paws
a: no special abilities


You were on level 3 of the Dungeon.
You were not hungry.

You visited 1 branch of the dungeon, and saw 3 of its levels.

You collected 166 gold pieces.

Inventory:

Missiles
 a - 51 arrows
 i - 77 stones
Jewellery
 b - an amulet of reflection (around neck)
 j - an uncursed amulet of guardian spirit {unknown}
Scrolls
 d - 2 scrolls of remove curse {unknown}
 e - 3 scrolls of identify {unknown}
 f - a scroll of random uselessness {unknown}
 g - a scroll of magic mapping {unknown}
 l - a scroll of fog {unknown}
 m - a scroll of fear {unknown}
Potions
 k - a potion of curing {unknown}
Comestibles
 c - 5 rations


   Skills:
 - Level 1.0 Fighting
 - Level 2.6 Dodging
 * Level 3.5 Stealth
 * Level 3.9 Unarmed Combat
 - Level 2.0 Spellcasting
 + Level 2.9 Transmutations


You had 3 spell levels left.
You knew the following spells:

 Your Spells              Type           Power        Failure   Level  Hunger
a - Beastly Appendage     Tmut           #.....       7%          1    ##.....
b - Sticks to Snakes      Tmut           #.......     11%         2    ###....

Your spell library contained the following spells:

 Spells                   Type           Power        Failure   Level  Hunger
 Spider Form              Tmut/Pois      #.........   36%         3    ####...
 Ice Form                 Ice/Tmut       #.......     78%         4    #####..
 Blade Hands              Tmut           #.........   89%         5    ######.


Dungeon Overview and Level Annotations

Branches:
Dungeon (3/15)

Altars:


Innate Abilities, Weirdness & Mutations

You cannot wear armour.
You are incapable of wielding weapons or throwing items.
Your paws allow you to move quietly. (Stealth)
You have sharp claws.
You have razor-sharp teeth.
You have supernaturally acute eyesight. (SInv)
You are carnivorous and can eat meat at any time.
You cover ground quickly.
You are covered in fur. (AC +1)
You have a slow metabolism.
Your sharp claws are effective at attacking unaware monsters.


Message History

The hobgoblin closely misses you.
You barely miss the hobgoblin. You bite the hobgoblin.
You kill the hobgoblin!
You see here a jackal corpse.
A gnoll comes into view. It is wielding a +0 flail.
You block the gnoll's attack.
A goblin comes into view.
The ooze closely misses you.
The gnoll shouts!
You scratch the goblin but do no damage.
You hear a shout!
The goblin misses you. The gnoll hits you with a +0 whip.
* * * LOW HITPOINT WARNING * * *
You barely miss the goblin. The goblin misses you.
You barely miss the goblin. You block the gnoll's attack.
You block the goblin's attack.
You scratch the goblin.
You kill the goblin!
The gnoll hits you with a +0 whip.
You die...

###
##.########.##
#.....@gJg...###
##.######g†g...#
#.#.....#
#.####..#
#########g####..#
#............# g#
#........)...# #
#............#
#............#.


You could see 4 gnolls and an ooze.

Vanquished Creatures
  2 adders (D:2)
  3 oozes
  A worm (D:2)
  2 dart slugs (D:1)
  A leopard gecko (D:1)
  2 giant cockroaches (D:1)
  9 goblins
  3 hobgoblins
  3 jackals (D:3)
  9 bats
  2 frilled lizards
  5 kobolds
  5 rats
47 creatures vanquished.

Notes
Turn   | Place    | Note
-------+----------+-------------------------------------------
     0 | D:1      | Descartes the Felid Transmuter began the quest for the Orb.
     0 | D:1      | Reached XP level 1. HP: 9/9 MP: 4/4
   129 | D:1      | Reached skill level 1 in Stealth
   159 | D:1      | Reached XP level 2. HP: 6/12 MP: 6/6
   483 | D:1      | Learned a level 2 spell: Sticks to Snakes
  1002 | D:1      | Reached XP level 3. HP: 15/15 MP: 7/7
  1891 | D:2      | Reached XP level 4. HP: 19/19 MP: 8/8
  2066 | D:3      | Slain by an ooze
  2067 | D:3      | Reached XP level 3. HP: 0/15 MP: 7/7
  2108 | D:3      | Slain by a gnoll

Illustrated notes

Levels and vault maps discovered:
D:1:      dpeg_arrival_renting, layout_loops_corners, minmay_split_cup_small
D:2:      layout_rooms, corexii_corridor_pit
D:3:      layout_loops_cross, uniq_natasha

Skill      XL: |  1  2  3 |
---------------+----------+-----
Stealth        | 1 2 3 |  3.5
Fighting       | |  1.0
Dodging        | |  2.6
Unarmed Combat | |  3.9
Spellcasting   | |  2.0
Transmutations | |  2.9

Action                   |  1- 3 |  4- 6 || total
-------------------------+-------+-------++-------
Melee: Unarmed           |   152 |    11 ||   163
       Bite              |    14 |     1 ||    15
       Punch             |     2 |       ||     2
 Stab: Sleeping          |     4 |     1 ||     5
  Eat: Chunk             |     9 |     1 ||    10
Armor: Skin              |     3 |       ||     3
Dodge: Dodged            |    98 |     9 ||   107
Block: Other             |    34 |     1 ||    35
